 Dungeon Crawl Stone Soup version 0.27-a0-1287-gca74d27db6 (webtiles) character file.

Game seed: 15797081743603449579

2960 pokeman the Thaumaturge (level 9, 0/48 HPs)
             Began as a Deep Elf Hedge Wizard on June 14, 2021.
             Was a Follower of Vehumet.
             Killed by divine providence
             ... invoked by an orc priest
              (12 damage)
             ... on level 8 of the Dungeon.
             The game lasted 00:22:07 (10708 turns).

pokeman the Thaumaturge (Deep Elf Hedge Wizard)    Turns: 10708, Time: 00:22:07

Health: 0/48       AC:  5    Str:  7    XL:     9   Next: 52%
Magic:  13/26      EV: 12    Int: 23    God:    Vehumet [*.....]
Gold:   475        SH:  5    Dex: 14    Spells: 17/31 levels left

rFire    . . .     SeeInvis +   p - +3 quarterstaff (chaos)
rCold    . . .     Faith    .   (shield currently unavailable)
rNeg     . . .     Spirit   .   j - +0 leather armour
rPois    .         Reflect  +   o - +0 helmet
rElec    .         Harm     .   q - +0 cloak {rCorr}
rCorr    +         Rampage  .   (no gloves)
Will     .....                  (no boots)
Stlth    ++........             h - amulet of reflection
HPRegen  0.16/turn              b - ring of see invisible
MPRegen  0.20/turn              (no ring)

@: no status effects
A: no striking features
a: Renounce Religion


You were on level 8 of the Dungeon.
You worshipped Vehumet.
Vehumet was aware of your devotion.
You visited 2 branches of the dungeon, and saw 9 of its levels.
You also visited: Sewer.

You collected 475 gold pieces.

Inventory:

Hand Weapons
 p - a +3 quarterstaff of chaos (weapon)
 r - a +0 shortbow
Missiles
 d - 209 arrows
 i - 71 bolts
Armour
 j - a +0 leather armour (worn)
 k - a +0 kite shield
 o - a +0 helmet (worn)
 q - a +0 cloak of preservation (worn)
Jewellery
 b - a ring of see invisible (left hand)
 h - an amulet of reflection (around neck)
 z - a +4 ring of evasion
Scrolls
 a - 5 scrolls of teleportation {unknown}
 c - 2 scrolls of magic mapping {unknown}
 f - a scroll of fear {unknown}
 n - 3 scrolls of noise {unknown}
 s - 3 scrolls of enchant armour {unknown}
 t - a scroll of blinking {unknown}
 u - 2 scrolls of identify {unknown}
 v - 2 scrolls of enchant weapon {unknown}
 w - 2 scrolls of amnesia {unknown}
 y - 2 scrolls of vulnerability {unknown}
Potions
 e - a potion of might {unknown}
 g - 3 potions of lignification {unknown}
 l - 3 potions of curing {unknown}
 m - 3 potions of flight {unknown}
 x - a potion of invisibility {unknown}
 A - a potion of magic {unknown}


   Skills:
 + Level 2.1 Fighting
 - Level 2.0 Armour
 - Level 3.0 Dodging
 - Level 3.1 Stealth
 - Level 3.0 Shields
 * Level 11.5 Spellcasting
 + Level 6.5 Conjurations
 - Level 1.1 Summonings
 - Level 1.1 Translocations
 + Level 5.0 Fire Magic
 - Level 2.0 Air Magic
 - Level 2.0 Poison Magic


You had 17 spell levels left.
You knew the following spells:

 Your Spells              Type           Power      Damage    Failure   Level
a - Magic Dart            Conj           100%       1d8       1%          1
b - Mephitic Cloud        Conj/Pois/Air  29%        N/A       4%          3
c - Call Imp              Summ           18%        N/A       7%          2
d - Blink                 Tloc           N/A        N/A       7%          2
e - Conjure Flame         Conj/Fire      39%        6-21      1%          3
f - Call Canine Familiar  Summ           18%        N/A       14%         3

Your spell library contained the following spells:

 Spells                   Type           Power      Damage    Failure   Level
 Sandblast                Erth           26%        2d8       7%          1
 Summon Small Mammal      Summ           72%        N/A       4%          1
 Slow                     Hex            13%        N/A       11%         2
 Summon Guardian Golem    Hex/Summ       15%        N/A       17%         3
 Summon Lightning Spire   Summ/Air       20%        N/A       36%         4
 Summon Ice Beast         Ice/Summ       15%        N/A       50%         4


Dungeon Overview and Level Annotations

Branches:
Dungeon (8/15)             Temple (1/1) D:4           Sewer (visited)
   Lair: D:8-11

Altars:
Ashenzari
Cheibriados
Dithmenos
Elyvilon
Fedhas
Gozag
Hepliaklqana
Kikubaaqudgha
Makhleb
Nemelex Xobeh
Okawaru
Qazlal
Ru
Sif Muna
Trog
Uskayaw
Vehumet
Wu Jian
Xom
Yredelemnul
Zin

Shops:
D:1 :


Message History

The gnoll shaman calls upon its god to heal the gnoll.
An orc comes into view. It is wielding a +0 whip.
The orc wizard is engulfed in noxious fumes.
The orc wizard appears confused.
An orc wizard comes into view. It is wielding a +0 dagger.
You hear a shout!
Unknown command. 2 orcs and a wight come into view.
The orc shouts!
The orc warrior is engulfed in noxious fumes.
The orc warrior appears confused.
The gnoll is engulfed in noxious fumes.
The gnoll appears confused.
The orc priest calls upon Beogh to heal the orc warrior.
The orc warrior's wounds heal themselves!
A gnoll comes into view. It is wielding a +1 whip of flaming.
The orc wizard casts a spell.
The orc wizard flickers and vanishes for a moment.
The orc warrior misses the orc wizard.
You catch the helpless gnoll completely off-guard!
You hit the gnoll. You drain the gnoll.
The gnoll is severely wounded.
An orc comes into view. It is wielding a +0 morningstar.
The orc wizard is engulfed in noxious fumes.
The orc wizard appears confused.
The orc wizard hits the orc wizard with a +0 dagger.
The orc wizard is engulfed in noxious fumes.
The orc wizard appears confused.
A wight comes into view. It is wielding a +4 great sword.
The orc wizard is engulfed in noxious fumes.
The orc wizard appears confused.
Unknown command.
You barely miss the gnoll.
The gnoll is severely wounded.
The orc wizard is engulfed in noxious fumes.
The orc wizard appears confused.
The orc priest is engulfed in noxious fumes.
The orc priest appears confused.
The orc priest mumbles some strange prayers to Beogh against you.
Beogh smites you!
You die...

#>......#
..o.........#
#.......#
zzooo.......#
#.......#
ogoo.......#
#.......# go°o°.....#
#.......# #°°......#
#.......# #○oo.....#
#.......# #..g.....#
#.......# +...@....#
#.......# #....)...#
#.......# #.....)..#
#.......# #........#
#....<..#
#........####.......#
#...................#
#..............<....#
#...................#
#...................#


You could see an orc warrior (confused), a gnoll shaman, 2 wights, 2 orc
priests, 4 orc wizards, 2 gnolls and 4 orcs.

Vanquished Creatures
  Grinder (D:3)
  Sigmund (D:2)
  3 water moccasins (D:7)
  An orc warrior (D:7)
  An ice beast (D:6)
  2 sky beasts (D:6)
  2 necrophages (D:6)
  A centaur (D:5)
  A kobold brigand (Sewer)
  2 bullfrogs (D:7)
  2 scorpions
  A wyvern zombie (D:6)
  4 wights (D:7)
  A howler monkey (D:5)
  4 centaur zombies
  4 hounds
  Crazy Yiuf (D:3)
  2 bullfrog skeletons (D:6)
  4 orc priests
  2 gnoll shamans
  An iguana (D:4)
  3 iron imps (D:3)
  A centaur skeleton (D:7)
  7 orc wizards
  2 hound skeletons
  Robin (D:3)
  13 gnolls
  8 adders
  A river rat (Sewer)
  A shadow imp (D:7)
  A white imp (D:7)
  2 ufetubi (D:4)
  A worm (D:2)
  2 dart slugs
  19 orcs
  5 endoplasms
  4 giant cockroaches
  15 goblins
  13 hobgoblins
  3 jackals
  6 quokkas
  5 ball pythons
  5 bats
  3 frilled lizards
  7 kobolds
  11 rats
180 creatures vanquished.

Vanquished Creatures (collateral kills)
  An orc (D:3)
  A goblin (D:3)
2 creatures vanquished.

Grand Total: 182 creatures vanquished

Notes
Turn   | Place    | Note
-------+----------+-------------------------------------------
     0 | D:1      | pokeman the Deep Elf Hedge Wizard began the quest for the
                  | Orb.
     0 | D:1      | Reached XP level 1. HP: 10/10 MP: 7/7
   505 | D:1      | Reached XP level 2. HP: 15/15 MP: 6/9
   669 | D:1      | Found a faded altar of an unknown god.
   671 | D:1      | Found Zock's Book Shop.
   940 | D:1      | Reached skill level 5 in Spellcasting
  1222 | D:2      | Reached XP level 3. HP: 20/20 MP: 9/11
  1226 | D:2      | Learned a level 3 spell: Call Canine Familiar
  1230 | D:2      | Learned a level 3 spell: Mephitic Cloud
  1233 | D:2      | Learned a level 2 spell: Call Imp
  1236 | D:2      | Learned a level 2 spell: Blink
  1514 | D:2      | Reached skill level 1 in Fighting
  1686 | D:2      | Reached skill level 1 in Armour
  1875 | D:2      | Reached XP level 4. HP: 25/25 MP: 11/13
  1975 | D:2      | Noticed Sigmund
  2000 | D:2      | Killed Sigmund
  2001 | D:2      | Reached skill level 6 in Spellcasting
  2001 | D:2      | Reached skill level 1 in Air Magic
  2001 | D:2      | Reached XP level 5. HP: 29/29 MP: 3/15
  2005 | D:2      | Learned a level 3 spell: Conjure Flame
  2336 | D:3      | Found a burning altar of Makhleb.
  2414 | D:3      | Found a glowing drain.
  2477 | Sewer    | Entered a sewer
  2640 | Sewer    | Reached XP level 6. HP: 32/34 MP: 9/17
  2743 | Sewer    | Found a white marble altar of Elyvilon.
  2824 | D:3      | Noticed Robin
  2833 | D:3      | Reached skill level 1 in Shields
  2840 | D:3      | Killed Robin
  3271 | D:3      | Reached skill level 7 in Spellcasting
  3553 | D:3      | Noticed Grinder
  3557 | D:3      | Paralysed by Grinder for 6 turns
  3769 | D:3      | Reached skill level 1 in Fire Magic
  4014 | D:3      | Paralysed by Grinder for 3 turns
  4034 | D:3      | Killed Grinder
  4035 | D:3      | Reached skill level 1 in Poison Magic
  4035 | D:3      | Reached XP level 7. HP: 38/38 MP: 4/20
  4577 | D:3      | Found a runed translucent door.
  4578 | D:3      | Noticed Crazy Yiuf
  4718 | D:3      | Killed Crazy Yiuf
  4719 | D:3      | Reached skill level 8 in Spellcasting
  5506 | D:4      | Found a staircase to the Ecumenical Temple.
  5514 | Temple   | Entered the Ecumenical Temple
  5837 | D:4      | Found a basalt altar of Yredelemnul.
  5837 | D:4      | Found an opulent altar of Gozag.
  5867 | D:5      | Entered Level 5 of the Dungeon
  5938 | D:5      | Found an iron altar of Okawaru.
  5964 | D:5      | Found a shimmering blue altar of Sif Muna.
  5976 | D:5      | Reached XP level 8. HP: 28/44 MP: 15/22
  6263 | D:5      | Found a radiant altar of Vehumet.
  6284 | D:5      | Became a worshipper of Vehumet
  6366 | D:5      | Reached skill level 9 in Spellcasting
  7454 | D:5      | Reached skill level 5 in Conjurations
  8255 | D:6      | Reached skill level 10 in Spellcasting
  8303 | D:6      | Reached * piety under Vehumet
  8303 | D:6      | Offered knowledge of Sandblast by Vehumet.
  8667 | D:6      | Reached XP level 9. HP: 48/48 MP: 21/25
  8827 | D:7      | Found a shadowy altar of Dithmenos.
  9439 | D:7      | Reached skill level 11 in Spellcasting
 10704 | D:8      | Reached skill level 5 in Fire Magic
 10708 | D:8      | Killed from afar by an orc priest

Illustrated notes

Levels and vault maps discovered:
D:1:      grunt_arrival_lava_bath, layout_basic, basic_ecumenical_altar,
          serial_shops, shop, minmay_shallow_snake_nest
D:2:      layout_basic, kennysheep_generic_room_4, uniq_sigmund
D:3:      layout_basic, demons_altar, portal_sewer_entry_d,
          minmay_three_crescents, uniq_robin, uniq_grinder,
          uniq_crazy_yiuf_cottage
D:4:      layout_basic, gammafunk_temple_overflow_statue,
          minmay_temple_entry_glassed_door, serial_bayou_crossing
D:5:      layout_layer_cave, amcnicky_altar_gilded, jmf_multi_god_temple
D:6:      layout_loops_ring
D:7:      layout_loops_corners, grunt_dithmenos_smoke_and_mirrors,
          minmay_misc_feat_more_columns
D:8:      layout_gridville
Temple:   eino_narrow_crystal_temple

Skill      XL: |  1  2  3  4  5  6  7  8  9 |
---------------+----------------------------+-----
Spellcasting   | 5 6 7 8 10 11 | 11.5
Fighting       | 1 2 |  2.1
Conjurations   | 2 3 4 5 6 |  6.5
Armour         | 1 2 |  2.0
Dodging        | 3 |  3.0
Air Magic      | 1 2 |  2.0
Stealth        | 3 |  3.1
Shields        | 1 2 3 |  3.0
Fire Magic     | 1 2 4 5 |  5.0
Poison Magic   | 1 2 |  2.0
Summonings     | |  1.1
Translocations | |  1.1

Action                   |  1- 3 |  4- 6 |  7- 9 || total
-------------------------+-------+-------+-------++-------
Melee: Dagger            |     9 |    18 |     1 ||    28
       Quarterstaff      |       |       |    83 ||    83
 Fire: Shortbow          |       |       |     4 ||     4
 Cast: Magic Dart        |   108 |   147 |   285 ||   540
       Call Imp          |     1 |     1 |     5 ||     7
       Call Canine Famil |       |     2 |       ||     2
       Mephitic Cloud    |       |     4 |    20 ||    24
       Blink             |       |     2 |     3 ||     5
       Conjure Flame     |       |     1 |    20 ||    21
 Stab: Distracted        |     1 |       |       ||     1
       Confused          |       |     1 |    12 ||    13
Armor: Robe              |     3 |       |       ||     3
       Leather armour    |     4 |    41 |    33 ||    78
Dodge: Dodged            |    15 |    59 |    76 ||   150
Block: Other             |     4 |    22 |    28 ||    54
       Reflection        |       |       |     1 ||     1

Table legend: (Time is in decaauts)
 A = Elapsed time spent in this place.
 B = Non-inter-level travel time spent in this place.
 C = Inter-level travel time spent in this place.
 D = Time resting spent in this place.
 E = Time spent auto-exploring this place.
 F = Levels seen in this place.
 G = Mean time per level.
                   A        B        C        D        E       F      G
               +--------+--------+--------+--------+--------+-----+--------+
         Total |  10772 |  10556 |    216 |   1332 |   7760 |  10 | 1077.2 |
       Dungeon |  10241 |  10038 |    203 |   1244 |   7379 |   8 | 1280.1 |
        Temple |    198 |    185 |     13 |      0 |    184 |   1 |  198.0 |
         Sewer |    332 |    332 |      0 |     88 |    197 |   1 |  332.0 |
               +--------+--------+--------+--------+--------+-----+--------+

Top non-repeatable levels by time:
     D:5: 1932 daAuts
     D:7: 1824 daAuts
     D:3: 1717 daAuts
     D:2: 1607 daAuts
     D:1: 1220 daAuts
     D:6: 1042 daAuts
     D:4: 832 daAuts
   Sewer: 332 daAuts
  Temple: 198 daAuts
     D:8: 64 daAuts
